 Dungeon Crawl Stone Soup version 0.28-a0-1629-gf728b707aa (webtiles) character file.

Game seed: 17462383700952623660

38 hashsling the Vexing (level 3, 0/19 HPs)
             Began as a Deep Elf Enchanter on Jan 24, 2022.
             Slain by a hobgoblin (5 damage)
             ... on level 1 of the Dungeon.
             The game lasted 00:04:25 (1349 turns).

hashsling the Vexing (Deep Elf Enchanter)           Turns: 1349, Time: 00:04:26

Health: 0/19       AC:  2    Str:  5    XL:     3   Next: 25%
Magic:  9/10       EV: 13    Int: 19    God:
Gold:   41         SH:  0    Dex: 17    Spells: 5/9 levels left

rFire   . . .      SeeInvis .   a - +1 dagger
rCold   . . .      Faith    .   (no shield)
rNeg    . . .      Spirit   .   b - +0 robe
rPois   .          Reflect  .   (no helmet)
rElec   .          Harm     .   (no cloak)
rCorr   .          Rampage  .   (no gloves)
Will    .....                   (no boots)
Stlth   +++.......              (no amulet)
HPRegen 0.06/turn               (no ring)
MPRegen 0.12/turn               (no ring)

@: no status effects
A: no striking features
a: no special abilities


You were on level 1 of the Dungeon.
You visited 1 branch of the dungeon, and saw 1 of its levels.

You collected 41 gold pieces.

Inventory:

Hand Weapons
 a - a +1 dagger (weapon)
Missiles
 e - 4 poisoned darts (quivered)
Armour
 b - a +0 robe (worn)
Scrolls
 d - a scroll of identify {unknown}
 g - a scroll of vulnerability {unknown}
 h - a scroll of noise {unknown}
Potions
 c - a potion of invisibility
 f - a potion of curing {unknown}


   Skills:
 + Level 1.6 Short Blades
 + Level 3.0 Dodging
 - Level 4.0 Stealth
 + Level 3.5 Spellcasting
 + Level 4.4 Hexes


You had 5 spell levels left.
You knew the following spells:

 Your Spells              Type           Power      Damage    Failure   Level
a - Ensorcelled Hibernat  Hex/Ice        22%        N/A       9%          2
b - Animate Skeleton      Necr           6%         N/A       14%         1
c - Summon Small Mammal   Summ           12%        N/A       14%         1

Your spell library contained the following spells:

 Spells                   Type           Power      Damage    Failure   Level
 Confusing Touch          Hex            20%        N/A       7%          3
 Tukima's Dance           Hex            20%        N/A       7%          3
 Apportation              Tloc           6%         N/A       14%         1
 Dazzling Flash           Conj/Hex       22%        N/A       17%         3


Dungeon Overview and Level Annotations

Branches:
Dungeon (1/15)

Altars:


Message History

A ball python comes into view.
A kobold and a hobgoblin come into view.
Found a cloak.
The ball python misses you. The ball python grabs you.
The ball python constricts you.
You hit the ball python.
You kill the ball python!
A rat comes into view.
The hobgoblin hits you.
You hit the hobgoblin.
The hobgoblin is heavily wounded.
The hobgoblin barely misses you.
You closely miss the hobgoblin.
The hobgoblin is heavily wounded.
The hobgoblin misses you.
You closely miss the hobgoblin.
The hobgoblin is heavily wounded.
The hobgoblin misses you.
You hit the hobgoblin but do no damage.
The hobgoblin is heavily wounded.
The hobgoblin hits you.
You closely miss the hobgoblin.
The hobgoblin is heavily wounded.
The rat barely misses you.
Casting: Ensorcelled Hibernation (safe; 9% risk of failure)
Confirm with . or Enter, or press ? or * to list all spells.
The hobgoblin hits you. The rat closely misses you.
You hit the hobgoblin.
The hobgoblin is almost dead.
The hobgoblin misses you. The rat bites you.
Your rat barely misses the rat.
You barely miss the hobgoblin.
The hobgoblin is almost dead.
The hobgoblin hits you. The rat bites you.
* * * LOW HITPOINT WARNING * * *
Unknown command.
Your rat bites the rat.
You hit the hobgoblin but do no damage.
The hobgoblin is almost dead.
The hobgoblin hits you.
You die...

###... #.# # ..## #.#
##.###### #.# #..# #.#
#.......# #.# ###.#
#..####.# #.# K[..# #..#
#.# #.# ###.####
#..######..# #.# #.#
........ #.r........#
#.# #.#
##...####.###..##..##.##
#.###.# .....#
#.....rg@.....# #......
##..## #.#.#.###..####
#####.# ....# #. #..#
#.# #≈§## #. #.†# #.#
...# #. #..# #.#
....≈..... #. #..# #.#
..⌠.≈.?.. #. #..# ..#
....≈.... #. .... ###
....#.... #...


You could see a hobgoblin and a rat.

Vanquished Creatures
  2 dart slugs (D:1)
  5 bats (D:1)
  2 endoplasms (D:1)
  2 giant cockroaches (D:1)
  2 goblins (D:1)
  2 hobgoblins (D:1)
  2 jackals (D:1)
  2 quokkas (D:1)
  5 ball pythons (D:1)
  4 frilled lizards (D:1)
  A kobold (D:1)
  2 rats (D:1)
31 creatures vanquished.

Notes
Turn   | Place    | Note
-------+----------+-------------------------------------------
     0 | D:1      | hashsling the Deep Elf Enchanter began the quest for the
                  | Orb.
     0 | D:1      | Reached XP level 1. HP: 10/10 MP: 6/6
   235 | D:1      | Reached XP level 2. HP: 15/15 MP: 8/8
   529 | D:1      | Learned a level 2 spell: Ensorcelled Hibernation
   654 | D:1      | Learned a level 1 spell: Animate Skeleton
   656 | D:1      | Learned a level 1 spell: Summon Small Mammal
   906 | D:1      | Reached XP level 3. HP: 8/19 MP: 2/9
  1349 | D:1      | Slain by a hobgoblin

Illustrated notes

Levels and vault maps discovered:
D:1:      dpeg_arrival_rooms_with_view, layout_loops_ring, minmay_hexomino_p4

Skill      XL: |  1  2  3 |
---------------+----------+-----
Stealth        | 4 |  4.0
Dodging        | 3 |  3.0
Short Blades   | |  1.6
Spellcasting   | |  3.5
Hexes          | |  4.4

Action                   || total
-------------------------++-------
Melee: Dagger            ||    93
 Cast: Ensorcelled Hiber ||    12
       Summon Small Mamm ||     1
 Stab: Sleeping          ||    16
Armor: Robe              ||    16
Dodge: Dodged            ||    72

Table legend: (Time is in decaauts)
 A = Elapsed time spent in this place.
 B = Non-inter-level travel time spent in this place.
 C = Inter-level travel time spent in this place.
 D = Time resting spent in this place.
 E = Time spent auto-exploring this place.
 F = Levels seen in this place.
 G = Mean time per level.
                   A        B        C        D        E       F      G
               +--------+--------+--------+--------+--------+-----+--------+
         Total |   1342 |   1342 |      0 |     27 |   1045 |   1 | 1342.0 |
       Dungeon |   1342 |   1342 |      0 |     27 |   1045 |   1 | 1342.0 |
               +--------+--------+--------+--------+--------+-----+--------+

Top non-repeatable levels by time:
     D:1: 1342 daAuts
